 Dungeon Crawl Stone Soup version 0.21-a0-346-g330ab2c (webtiles) character file.

23 Hasart the Sneak (level 3, -1/19 HPs)
             Began as a Kobold Enchanter on Oct 5, 2017.
             Slain by a hobgoblin (3 damage)
             ... on level 1 of the Dungeon.
             The game lasted 00:02:41 (743 turns).

Hasart the Sneak (Kobold Enchanter)                  Turns: 743, Time: 00:02:42

Health: -1/19      AC:  2    Str:  5    XL:     3   Next: 12%
Magic:  0/6        EV: 15    Int: 17    God:
Gold:   6          SH:  0    Dex: 15    Spells: 3/6 levels left

rFire    . . .     SeeInvis .   a - +2 dagger
rCold    . . .     Gourm    .   (shield restricted)
rNeg     . . .     Faith    .   b - +0 robe
rPois    .         Spirit   .   (no helmet)
rElec    .         Reflect  .   (no cloak)
rCorr    .         Harm     .   (no gloves)
MR       .....                  (no boots)
Stlth    +++.......             i - amulet of inaccuracy (curse)
HPRegen  0.06/turn              (no ring)
MPRegen  0.10/turn              (no ring)

@: very slightly contaminated
A: carnivore 3
a: no special abilities


You were on level 1 of the Dungeon.
You were very full.

You visited 1 branch of the dungeon, and saw 1 of its levels.

You collected 6 gold pieces.

Inventory:

Hand Weapons
 a - a +2 dagger (weapon)
Armour
 b - a +0 robe (worn)
Jewellery
 e - a +6 amulet of reflection
 i - a cursed amulet of inaccuracy (around neck)
Scrolls
 f - 2 scrolls of teleportation
Potions
 h - a potion of heal wounds {unknown}
Books
 c - a book of Maledictions

   Spells                             Type                      Level
   a - Corona                         Hexes                        1
   b - Ensorcelled Hibernation        Hexes/Ice                    2
   c - Confuse                        Hexes                        3
   d - Tukima's Dance                 Hexes                        3
   e - Dazzling Spray                 Conjuration/Hexes            3
Comestibles
 d - a meat ration
 g - a chunk of flesh


   Skills:
 + Level 2.4 Short Blades
 - Level 2.4 Dodging
 - Level 4.0 Stealth
 - Level 2.1 Spellcasting
 * Level 3.7 Hexes


You had 3 spell levels left.
You knew the following spells:

 Your Spells              Type           Power        Failure   Level  Hunger
a - Corona                Hex            ##.....      4%          1    #......
b - Ensorcelled Hibernat  Hex/Ice        #.....       13%         2    ###....


Dungeon Overview and Level Annotations

Branches:
Dungeon (1/15)

Altars:


Innate Abilities, Weirdness & Mutations

You are small and have problems with some larger weapons.
You are carnivorous and can eat meat at any time.


Message History

Casting: Ensorcelled Hibernation
Confirm with . or Enter, or press ? or * to list all spells.
Aiming: Ensorcelled Hibernation
Press: ? - help, Shift-Dir - straight line, f/p - hobgoblin
Aim: a hobgoblin (chance to defeat MR: 57%)
You miscast Ensorcelled Hibernation.
You feel a strange surge of energy! The hobgoblin hits you.
* * * LOW HITPOINT WARNING * * *
The hobgoblin hits you.
* * * LOW HITPOINT WARNING * * *
Things that are here:
a dagger; a kobold skeleton
Casting: Ensorcelled Hibernation
Confirm with . or Enter, or press ? or * to list all spells.
Aiming: Ensorcelled Hibernation
Press: ? - help, Shift-Dir - straight line, f/p - hobgoblin
Aim: a hobgoblin (chance to defeat MR: 57%)
The hobgoblin resists with significant effort.
The hobgoblin hits you.
You die...

##############
######............#
#......##########.#
###.###..##########.# )...#
#........g@...#
###.###..####..###..#
.##......####..###..#
.####..#.#..........##########
.......#.#.##..###...........#
.#####.#.#.##...##..########.#
.# #.#.#.#.....#..# #.#
.#####.#..(......#..##### #.#
.......#.#.#.....#......# #.#


You could see a hobgoblin.

Vanquished Creatures
  A leopard gecko (D:1)
  3 bats (D:1)
  A giant cockroach (D:1)
  3 goblins (D:1)
  2 hobgoblins (D:1)
  4 frilled lizards (D:1)
  3 kobolds (D:1)
  7 rats (D:1)
24 creatures vanquished.

Notes
Turn   | Place    | Note
-------+----------+-------------------------------------------
     0 | D:1      | Hasart the Kobold Enchanter began the quest for the Orb.
     0 | D:1      | Reached XP level 1. HP: 10/10 MP: 3/3
   200 | D:1      | Reached XP level 2. HP: 11/15 MP: 3/5
   248 | D:1      | Learned a level 2 spell: Ensorcelled Hibernation
   588 | D:1      | Reached XP level 3. HP: 11/19 MP: 1/6
   743 | D:1      | Slain by a hobgoblin

Vault maps used:
D:1:      lightli_arrival_chessboard, bh_walls_and_bars

Skill      XL: |  1  2 |
---------------+-------+-----
Short Blades   | 2 |  2.4
Dodging        | |  2.4
Stealth        | |  4.0
Spellcasting   | |  2.1
Hexes          | |  3.7

Action                   || total
-------------------------++-------
Melee: Dagger            ||   118
 Cast: Corona            ||     3
       Ensorcelled Hiber ||    11
  Use: Scroll            ||     2
 Stab: Sleeping          ||     4
  Eat: Chunk             ||     8
Armor: Robe              ||    20
Dodge: Dodged            ||    95
Block: Other             ||    18

Table legend:
 A = Spawn XP
 B = Non-spawn XP
 C = Spawn XP percentage of total XP
 D = Spawn monster count
 E = Non-spawn monster count
 F = Spawn count percentage of total count
 G = Total turns spent on level
                    A         B        C        D         E        F      G
               +---------+---------+-------+---------+---------+-------+---------
         Total |       0 |      34 |   0.0 |       0 |      24 |   0.0 |   743
               +---------+---------+-------+---------+---------+-------+---------
           D:1 |       0 |      34 |   0.0 |       0 |      24 |   0.0 |   743
               +---------+---------+-------+---------+---------+-------+---------
